Map: Nightshade LE

Players

Sonakea - Winner!

  • Race: Zerg Zerg
  • Spawn Location: 11:00

MooEsqoo

  • Race: Protoss Protoss
  • Spawn Location: 5:00

VOD

Have the link to the VOD?

Description

Time

  • Played on: Feb. 1, 2020, 12:31 p.m.
  • Length: 2:38
Show
View Real Time Build Order
Export as new Build Order

Sonakea Zerg - Winner!

Build Orders: Pool First 

Get SALT Encoding   

  12  0:03  Drone  
  13  0:13  Overlord  
  13  0:21  Drone  
  14  0:28  Extractor  
  14  0:29  Drone  
  14  0:34  Drone  
  16  0:56  Drone x2  
  16  0:57  Spawning Pool  
  17  1:17  Hatchery  
  16  1:21  Drone x2  
  18  1:44  Zergling x4  
  18  1:45  Zergling x2  
  21  1:56  Overlord  
  21  2:11  Extractor  
  22  2:26  Hatchery  
Show
View Real Time Build Order
Export as new Build Order

MooEsqoo Protoss 

Build Orders:  

Get SALT Encoding   

  12  0:01  Probe  
  13  0:17  Pylon  
  13  0:18  Probe  
  14  0:30  Probe  
  15  0:40  Gateway  
  15  0:43  Probe  
  15  0:48  Assimilator  
  16  1:04  Probe (Chrono Boost)  
  17  1:16  Probe (Chrono Boost)  
  18  1:22  Probe (Chrono Boost)  
  19  1:27  Zealot (Chrono Boost)  
  19  1:30  Probe  
  22  1:34  Cybernetics Core  
  22  1:50  Gateway  
  23  1:54  Probe  
  23  2:04  Pylon  
  23  2:11  Pylon  
  23  2:13  Assimilator  
  23  2:22  Probe  
Tags
 
Matchup
PvZ
Opening
Pool First
Spawn Locations
Cross Positions
Add a new tag
Caveats
  • Supply blocks, unpowered buildings, or Contaminate may cause inaccurate times.
  • Supply counts are checked every 10 seconds.